 Dungeon Crawl Stone Soup version 0.20.1-1-g8b1a95d (webtiles) character file.

165 Minstaer the Conjurer (level 5, -2/44 HPs)
             Began as a Draconian Conjurer on Nov 7, 2017.
             Was a Follower of Sif Muna.
             Slain by an ogre
             ... wielding a +0 giant club
              (31 damage)
             ... on level 4 of the Dungeon.
             The game lasted 00:20:16 (3288 turns).

Minstaer the Conjurer (Draconian Conjurer)          Turns: 3288, Time: 00:20:17

Health: -2/44      AC:  6    Str: 11    XL:     5   Next: 21%
Magic:  5/10       EV: 12    Int: 16    God:    Sif Muna [*.....]
Gold:   92         SH:  0    Dex: 11    Spells: 0/10 levels left

rFire    . . .     SeeInvis .   G - +2 short sword (venom)
rCold    . . .     Gourm    .   (no shield)
rNeg     . . .     Faith    .   (armour unavailable)
rPois    .         Spirit   .   (helmet restricted)
rElec    .         Reflect  .   (no cloak)
rCorr    .         Harm     .   O - +0 pair of gloves
MR       .....                  (no boots)
Stlth    ++........             (no amulet)
Regen    0.2/turn               (no ring)
MPRegen  0.2/turn               (no ring)

@: no status effects
A: unfitting armour, cold-blooded, AC +5
a: Divine Energy, Renounce Religion


You were on level 4 of the Dungeon.
You worshipped Sif Muna.
Sif Muna was aware of your devotion.
You were not hungry.

You visited 1 branch of the dungeon, and saw 4 of its levels.

You collected 92 gold pieces.

Inventory:

Hand Weapons
 f - a +0 short sword
 s - a +0 hunting sling
 y - a +0 spear
 z - a cursed -3 mace
 G - a +2 short sword of venom (weapon)
 I - a +3 flail
Missiles
 e - 8 needles of sleeping
 l - 32 stones (quivered)
 x - a throwing net
 C - 14 arrows
 D - 4 tomahawks
 F - 22 sling bullets
Armour
 O - a +0 pair of gloves (worn)
Jewellery
 g - an uncursed ring of magical power {unknown}
 j - an uncursed amulet of harm
 B - a cursed ring of flight {unknown}
Scrolls
 c - 3 scrolls of teleportation
 d - a scroll of enchant armour {unknown}
 h - a scroll of recharging
 i - 2 scrolls of magic mapping {unknown}
 m - a scroll of immolation {unknown}
 q - a scroll of amnesia {unknown}
 v - a scroll of blinking {unknown}
 A - a scroll of fear {unknown}
 H - a scroll of remove curse {unknown}
 M - 2 scrolls of enchant weapon {unknown}
 N - a scroll of noise {unknown}
Potions
 k - a potion of flight {unknown}
 n - 3 potions of heal wounds {unknown}
 o - a potion of agility {unknown}
 p - a potion of ambrosia {unknown}
 t - a potion of magic {unknown}
 w - a potion of curing {unknown}
 J - a potion of brilliance {unknown}
 K - a potion of might {unknown}
 L - a potion of resistance {unknown}
Books
 a - a book of Conjurations

   Spells                             Type                      Level
   a - Magic Dart                     Conjuration                  1
   b - Searing Ray                    Conjuration                  2
   c - Dazzling Spray                 Conjuration/Hexes            3
   d - Fulminant Prism                Conjuration/Hexes            4
   e - Force Lance                    Conjuration/Translocation    4
   f - Iskenderun's Mystic Blast      Conjuration                  4
Comestibles
 b - 4 bread rations
 r - 5 fruits
 u - 2 chunks of flesh
 E - a meat ration
 P - a royal jelly


   Skills:
 + Level 2.8 Fighting
 - Level 1.7 Dodging
 - Level 1.7 Stealth
 * Level 3.3 Spellcasting
 * Level 5.0 Conjurations


You couldn't memorise any spells.
You knew the following spells:

 Your Spells              Type           Power        Failure   Level  Hunger
a - Magic Dart            Conj           ###.         2%          1    None
b - Searing Ray           Conj           ###...       3%          2    ##.....
c - Dazzling Spray        Conj/Hex       ##....       19%         3    ###....
d - Iskenderun's Mystic   Conj           ###.....     22%         4    ####...


Dungeon Overview and Level Annotations

Branches:
Dungeon (4/15)
 Temple: D:4-7

Altars:
Nemelex Xobeh
Sif Muna


Innate Abilities, Weirdness & Mutations

Your plain brown scales are hard. (AC +5)
You cannot fit into any form of body armour.
You are cold-blooded and may be slowed by cold attacks.


Message History

Press: ? - help, Shift-Dir - straight line, f - ogre
Aim: an ogre, wielding a giant club The magic dart hits the ogre.
The ogre is lightly wounded.
Casting: Magic Dart
Confirm with . or Enter, or press ? or * to list all spells.
Aiming: Searing Ray
Press: ? - help, Shift-Dir - straight line, f/p - ogre
Aim: an ogre, wielding a giant club (lightly wounded)
The searing ray hits the ogre.
The ogre is moderately wounded. (Press . to maintain the ray.)
The searing ray hits the ogre.
The ogre is heavily wounded.
The ogre hits you with a giant club!
The searing ray hits the ogre.
The ogre is severely wounded.
The ogre hits you with a giant club!!
Ouch! That really hurt!
You die...

.# .# .# .# .#
.#
##########.#
#......@O..#
#.############
#.# #......#
#.# #.####.#
#.# #.# #.#
#.#####.# #.#
#.......# #.#
######### #.#
#.#


You could see an ogre.

Vanquished Creatures
  An orc wizard (D:3)
  2 adders
  3 oozes
  2 worms
  5 leopard geckos
  8 orcs (D:3)
  10 bats
  5 giant cockroaches
  9 goblins
  6 hobgoblins
  7 jackals
  9 kobolds
  12 frilled lizards
  8 rats
87 creatures vanquished.

Notes
Turn   | Place    | Note
-------+----------+-------------------------------------------
     0 | D:1      | Minstaer the Draconian Conjurer began the quest for the Orb.
     0 | D:1      | Reached XP level 1. HP: 14/14 MP: 3/3
   428 | D:1      | Reached XP level 2. HP: 22/22 MP: 0/5
   432 | D:1      | Learned a level 2 spell: Searing Ray
   913 | D:1      | Reached skill level 1 in Fighting
  1297 | D:1      | You fall through a shaft!
  1404 | D:2      | Reached XP level 3. HP: 28/28 MP: 3/6
  1466 | D:2      | Found a faded altar of an unknown god.
  1535 | D:2      | Became a worshipper of Sif Muna the Loreminder
  1535 | D:2      | Reached * piety under Sif Muna
  1568 | D:2      | Found a sparkling altar of Nemelex Xobeh.
  2216 | D:2      | Reached XP level 4. HP: 33/36 MP: 0/8
  2359 | D:2      | Learned a level 3 spell: Dazzling Spray
  2784 | D:3      | Reached XP level 5. HP: 35/42 MP: 5/9
  3201 | D:4      | Reached skill level 5 in Conjurations
  3208 | D:4      | Learned a level 4 spell: Iskenderun's Mystic Blast
  3282 | D:4      | Noticed an ogre
  3288 | D:4      | Slain by an ogre

Skill      XL: |  1  2  3  4  5 |
---------------+----------------+-----
Fighting       | 1 2 |  2.8
Spellcasting   | 3 |  3.3
Conjurations   | 5 |  5.0
Dodging        | |  1.7
Stealth        | |  1.7

Action                   |  1- 3 |  4- 6 || total
-------------------------+-------+-------++-------
Melee: Unarmed           |    16 |       ||    16
       Tailslap          |    12 |     3 ||    15
       Short sword       |   102 |    65 ||   167
 Cast: Magic Dart        |    32 |    32 ||    64
       Searing Ray       |     3 |     4 ||     7
  Use: Scroll            |     3 |     1 ||     4
  Eat: Chunk             |     5 |     3 ||     8
Armor: Skin              |    38 |    30 ||    68
Dodge: Dodged            |   102 |    45 ||   147
